 Dungeon Crawl Stone Soup version 0.21.1-1-g345015fe64 (webtiles) character file.

36 LevaFresel the Bolt Thrower (level 3, -1/22 HPs)
             Began as a Kobold Hunter on June 7, 2018.
             Slain by a shadow imp (4 damage)
             ... summoned by Natasha
             ... on level 2 of the Dungeon.
             The game lasted 00:03:29 (1514 turns).

LevaFresel the Bolt Thrower (Kobold Hunter)         Turns: 1514, Time: 00:03:29

Health: -1/22      AC:  3    Str: 10    XL:     3   Next: 57%
Magic:  3/3        EV: 15    Int: 12    God:
Gold:   12         SH:  0    Dex: 15    Spells: 2/2 levels left

rFire    . . .     SeeInvis .   b - +0 short sword
rCold    . . .     Gourm    .   (shield restricted)
rNeg     . . .     Faith    .   c - +0 leather armour
rPois    .         Spirit   .   (no helmet)
rElec    .         Reflect  .   (no cloak)
rCorr    .         Harm     .   (no gloves)
MR       .....                  (no boots)
Stlth    ++........             (no amulet)
HPRegen  0.07/turn              (no ring)
MPRegen  0.08/turn              (no ring)

@: slowed, very slow
A: small, carnivore
a: no special abilities


You were on level 2 of the Dungeon.
You were very full.

You visited 1 branch of the dungeon, and saw 3 of its levels.

You collected 12 gold pieces.

Inventory:

Hand Weapons
 a - a +1 hand crossbow
 b - a +0 short sword (weapon)
Missiles
 d - 20 bolts
Armour
 c - a +0 leather armour (worn)
 n - a +0 scale mail
Jewellery
 g - an uncursed ring of protection from fire {unknown}
 o - an uncursed ring of stealth {unknown}
Scrolls
 i - a scroll of magic mapping {unknown}
 k - a scroll of identify {unknown}
 l - a scroll of fog {unknown}
Potions
 e - a potion of heal wounds {unknown}
 h - a potion of curing {unknown}
 j - a potion of lignification {unknown}
 m - a potion of haste {unknown}
Comestibles
 f - 6 rations


   Skills:
 + Level 2.6 Fighting
 + Level 1.5 Short Blades
 + Level 5.1 Crossbows
 + Level 0.7 Armour
 + Level 2.8 Dodging
 - Level 2.0 Stealth


You had 2 spell levels left.
You didn't know any spells.

Dungeon Overview and Level Annotations

Branches:
Dungeon (3/15)

Altars:

Annotations:
D:2 Natasha


Innate Abilities, Weirdness & Mutations

You are small and have problems with some larger weapons.
You are carnivorous and can eat meat at any time.


Message History

You hit the frilled lizard.
You kill the frilled lizard!
The bat misses you.
You hit the bat.
You kill the bat!
You barely miss Natasha. Natasha claws you.
You barely miss Natasha. Natasha casts a spell at you.
You feel yourself slow down. The shadow imp hits you. Natasha claws you.
The shadow imp misses you. Natasha claws you but does no damage.
Natasha casts a spell at you. The magic dart hits you!
* * * LOW HITPOINT WARNING * * *
The shadow imp hits you but does no damage.
Natasha barely misses you.
A giant cockroach comes into view.
You open the door. The shadow imp barely misses you. Natasha misses you.
The shadow imp hits you.
You die...

..# #.###.#######.# ###
#.#...#######.#
#######.#.###.....#.#
##....#.#.# #..>..#.#
.'......#.# #.......#
##....###.# #.#######
.'........# #.##...#
##....##### #.#'...+
##<...#######.##@..#
......##......##h5.#
......##.#######5..# .
##.#.###.#.........# ...
.......#.#.####...s####.....
...###.#.#.# #....').......
#..# #..>#.# #....##.#.####
...# #####.# #.........
##########.# #....##.....


You could see Natasha, a white imp, a shadow imp and a giant cockroach
(wandering).

Vanquished Creatures
  An adder (D:2)
  A dart slug (D:1)
  A leopard gecko (D:1)
  2 giant cockroaches (D:1)
  4 goblins (D:1)
  4 hobgoblins
  2 bats
  A frilled lizard (D:2)
  3 kobolds (D:1)
  5 rats (D:1)
24 creatures vanquished.

Notes
Turn   | Place    | Note
-------+----------+-------------------------------------------
     0 | D:1      | LevaFresel the Kobold Hunter began the quest for the Orb.
     0 | D:1      | Reached XP level 1. HP: 12/12 MP: 1/1
   159 | D:1      | Reached XP level 2. HP: 9/17 MP: 2/2
   541 | D:1      | Reached skill level 1 in Short Blades
   624 | D:1      | Reached skill level 5 in Crossbows
   979 | D:1      | Reached XP level 3. HP: 11/22 MP: 3/3
  1495 | D:2      | Noticed Natasha
  1514 | D:2      | Slain by a shadow imp

Skill      XL: |  1  2 |
---------------+-------+-----
Short Blades   | 1 |  1.5
Crossbows      | 5 |  5.1
Stealth        | 2 |  2.0
Fighting       | |  2.6
Armour         | |  0.7
Dodging        | |  2.8

Action                   || total
-------------------------++-------
Melee: Short sword       ||   123
 Fire: Hand crossbow     ||     1
 Stab: Sleeping          ||     1
  Eat: Chunk             ||     8
Armor: Leather armour    ||    22
Dodge: Dodged            ||   108
